 Dungeon Crawl Stone Soup version 0.31-a0-981-geadf994542 (webtiles) character file.

Game seed: 8985309761990411391

3676 Gladio the Basher (level 10, -7/82 HPs)
             Began as a Human Fighter on Nov 1, 2023.
             Was a Believer of the Shining One.
             Mangled by a death yak (18 damage)
             ... on level 8 of the Dungeon.
             The game lasted 00:09:12 (6354 turns).

Gladio the Basher (Human Fighter)                   Turns: 6354, Time: 00:09:12

Health: -7/82      AC: 19    Str: 30    XL:     10   Next: 34%
Magic:  10/10      EV:  7    Int:  8    God:    the Shining One [**....]
Gold:   443        SH:  6    Dex: 14    Spells: 9/9 levels left

rFire   . . .        E - +4 morningstar
rCold   . . .        c - +1 buckler
rNeg    + . .        f - +0 plate armour
rPois   .            q - +2 helmet
rElec   .            s - +4 cloak of Dacvored {Str+4}
rCorr   .            (no gloves)
SInv    .            (no boots)
Will    .....        (no amulet) Stlth
                     y - +6 ring of strength
HPRegen 0.33/turn    (no ring)
MPRegen 0.12/turn

%: no passive effects
@: mighty, about to teleport, glowing
A: no striking features
a: Renounce Religion, Divine Shield


You were on level 8 of the Dungeon.
You worshipped the Shining One.
The Shining One was pleased with you.
You visited 2 branches of the dungeon, and saw 9 of its levels.

You collected 443 gold pieces.

Inventory:

Hand Weapons
 a - a +0 flail
 E - a +4 morningstar (weapon)
Missiles
 i - 7 javelins
 C - 12 poisoned darts
Armour
 b - a +0 scale mail
 c - a +1 buckler (worn)
 f - a +0 plate armour (worn)
 g - a +0 chain mail
 q - a +2 helmet (worn)
 s - the +4 cloak of Dacvored (worn) {Str+4}
   (You found it on level 3 of the Dungeon)

   Str+4:     It affects your strength (+4).
Jewellery
 y - a +6 ring of strength (left hand)
Wands
 A - a wand of charming (15)
 G - a wand of roots (4)
Scrolls
 e - 2 scrolls of enchant armour
 h - 2 scrolls of noise
 j - a scroll of teleportation
 k - a scroll of silence
 p - 2 scrolls of vulnerability
 r - 2 scrolls of amnesia
 u - a scroll of blinking {unknown}
 w - a scroll of butterflies {unknown}
Potions
 l - 2 potions of magic
 m - a potion of berserk rage {unknown}
 n - a potion of cancellation {unknown}
 o - 4 potions of curing
 t - 2 potions of brilliance {unknown}
 v - a potion of heal wounds {unknown}
 x - a potion of mutation {unknown}
 z - a potion of enlightenment {unknown}
 B - 3 potions of attraction
 D - a potion of haste {unknown}
 F - a potion of lignification {unknown}


   Skills:
 + Level 8.9 Fighting
 * Level 11.7 Maces & Flails
 - Level 3.0 Armour
 - Level 3.0 Shields


You had 9 spell levels left.
You didn't know any spells.
Your spell library contained the following spells:

 Spells                   Type           Power      Damage    Failure   Level
 Slow                     Hex            0%         N/A       99%         1
 Sting                    Tmut/Pois      0%         1d3       99%         1
 Lesser Beckoning         Tloc           0%         N/A       100%        2
 Poisonous Vapours        Pois/Air       0%         N/A       100%        2
 Frozen Ramparts          Ice            0%         1d1       100%        3
 Gell's Gravitas          Tloc           0%         N/A       100%        3
 Inner Flame              Hex/Fire       0%         N/A       100%        3
 Teleport Other           Tloc           0%         N/A       100%        3
 Cause Fear               Hex            0%         N/A       100%        4
 Flame Wave               Conj/Fire      0%         2d4       100%        4
 Olgreb's Toxic Radiance  Pois           0%         N/A       100%        4
 Petrify                  Tmut/Erth      0%         N/A       100%        4
 Sticky Flame             Conj/Fire      0%         2d3       100%        4
 Alistair's Intoxication  Tmut/Pois      0%         N/A       100%        5
 Borgnjor's Vile Clutch   Necr/Erth      0%         N/A       100%        5
 Metabolic Englaciation   Hex/Ice        0%         N/A       100%        5
 Eringya's Noxious Bog    Tmut/Pois      0%         4d6       100%        6
 Ignition                 Fire           0%         3d3       100%        8


Dungeon Overview and Level Annotations

Branches:
Dungeon (8/15)             Temple (1/1) D:5
   Lair: D:8-11

Altars:
Ashenzari
Cheibriados
Fedhas
Gozag
Hepliaklqana
Kikubaaqudgha
Makhleb
Nemelex Xobeh
Okawaru
Qazlal
Ru
Sif Muna
Trog
Uskayaw
Vehumet
Wu Jian
Xom
Yredelemnul
Zin
The Shining One

Annotations:
D:3 1 runed translucent door, hitsuchi's ghost, amateur AtFi
D:5 2 transporters


Message History

The death yak gores you but does no damage.
You hit the death yak but do no damage.
The death yak is almost dead.
The death yak gores you!
You are too injured to fight recklessly!
You are too injured to fight recklessly!
You are too injured to fight recklessly!
You are too injured to fight recklessly!
You are too injured to fight recklessly!
You are too injured to fight recklessly!
You are too injured to fight recklessly!
You are too injured to fight recklessly!
You are too injured to fight recklessly!
You are too injured to fight recklessly!
You are too injured to fight recklessly!
You are too injured to fight recklessly!
You are too injured to fight recklessly!
You sock the death yak!
You kill the death yak!
You thump the death yak!
The death yak is lightly wounded.
The death yak snorts and paws the ground.
The death yak gores you but does no damage.
You sock the death yak!
The death yak is lightly wounded.
The death yak gores you but does no damage.
You sock the death yak!
The death yak is moderately wounded.
The death yak gores you but does no damage.
You thump the death yak!
The death yak is moderately wounded.
The death yak gores you!
You bludgeon the death yak!!
The death yak is severely wounded.
The death yak gores you!
* * * LOW HITPOINT WARNING * * *
Unknown command.
As you read the scroll of teleportation, it crumbles to dust.
You feel strangely unstable. The death yak gores you!!
You die...

#......#####.....###.##...###.
.......# #.......####.Y..###.
....#.#####.....######........
................##.#.Y.......#
.........(..........Y.........
#..#............##.##........# ##
#####..........YY####...........#
#.....#######Y# #......###..#
#.....#.....#@####............
##....#.....#..##.............
##.#.#.._..#.........))##....
#.#.#.....#....#....).).....
#.#.#.....#.#####........#..
#...###'###.###.........##.#
###................###......
####...........### ##.#...
####..##..### #.###.


You could see 2 death yaks and a yak.

Vanquished Creatures
  A death yak (D:8)
  Grinder (D:6)
  Sigmund (D:3)
  2 yaks (D:8)
  A steam dragon (D:7)
  2 water moccasins
  3 ice beasts (D:6)
  2 ogres
  A kobold brigand (D:8)
  3 scorpions
  12 wights
  4 howler monkeys
  6 hounds
  4 orc priests
  An iguana (D:7)
  5 orc wizards
  Robin (D:2)
  4 gnolls (D:5)
  4 adders
  3 shadow imps
  3 worms (D:2)
  4 dart slugs
  19 orcs
  5 ball pythons
  9 endoplasms
  2 giant cockroaches
  10 goblins
  5 hobgoblins
  4 jackals (D:2)
  10 kobolds
  7 quokkas
  8 bats
  4 frilled lizards
  5 rats
156 creatures vanquished.

Vanquished Creatures (others)
  An arcanist (D:4)
1 creature vanquished.

Grand Total: 157 creatures vanquished

Notes
Turn   | Place    | Note
-------+----------+-------------------------------------------
     0 | D:1      | Gladio the Human Fighter began the quest for the Orb.
     0 | D:1      | Reached XP level 1. HP: 18/18 MP: 1/1
    82 | D:1      | Reached XP level 2. HP: 24/24 MP: 2/2
   511 | D:1      | Found a faded altar of an unknown god.
   536 | D:1      | Reached XP level 3. HP: 28/29 MP: 3/3
   597 | D:1      | Reached skill level 3 in Maces & Flails
  1093 | D:2      | Reached XP level 4. HP: 30/35 MP: 4/4
  1598 | D:3      | Noticed Robin
  1623 | D:2      | Killed Robin
  1624 | D:2      | Reached skill level 4 in Maces & Flails
  1624 | D:2      | Reached XP level 5. HP: 14/42 MP: 5/5
  1770 | D:3      | Found an ancient bone altar of Kikubaaqudgha.
  2068 | D:3      | Noticed hitsuchi's ghost (amateur AtFi)
  2112 | D:3      | Identified the +4 cloak of Dacvored {Str+4}
  2176 | D:3      | Found a runed translucent door.
  2257 | D:3      | Noticed Sigmund
  2280 | D:3      | Killed Sigmund
  2281 | D:3      | Reached skill level 5 in Maces & Flails
  2281 | D:3      | Reached XP level 6. HP: 15/49 MP: 6/6
  2879 | D:4      | Found a burning altar of Makhleb.
  2890 | D:4      | Reached XP level 7. HP: 53/55 MP: 7/7
  3072 | D:4      | Reached skill level 5 in Fighting
  3072 | D:4      | Reached skill level 6 in Maces & Flails
  3186 | D:4      | Found a bloodstained altar of Trog.
  3187 | D:4      | Noticed an arcanist
  3192 | D:4      | Killed an arcanist
  3347 | D:4      | Found a shimmering blue altar of Sif Muna.
  3617 | D:5      | Entered Level 5 of the Dungeon
  3792 | D:5      | Identified the +2 leather armour of the Supporting Gods
                  | {rPois Str+2}
  3836 | D:5      | Found a staircase to the Ecumenical Temple.
  3846 | Temple   | Entered the Ecumenical Temple
  3870 | Temple   | Became a worshipper of the Shining One
  3898 | D:5      | Found a transporter.
  3969 | D:5      | Found a transporter.
  4032 | D:5      | Found an ornate altar of the Wu Jian Council.
  4033 | D:5      | Found an opulent altar of Gozag.
  4125 | D:5      | Reached skill level 7 in Maces & Flails
  4125 | D:5      | Reached XP level 8. HP: 63/63 MP: 8/8
  4234 | D:5      | Found a glowing silver altar of Zin.
  4414 | D:6      | Identified the of Woqot
  4481 | D:6      | Identified the +0 ring mail of Terror {Str+4 Int+2}
  4632 | D:6      | Reached * piety under the Shining One
  4645 | D:6      | Reached skill level 8 in Maces & Flails
  4833 | D:6      | Reached XP level 9. HP: 65/71 MP: 9/9
  4836 | D:6      | Reached skill level 9 in Maces & Flails
  4911 | D:6      | Noticed Grinder
  4914 | D:6      | Paralysed by Grinder for 3 turns
  4925 | D:6      | Killed Grinder
  5078 | D:6      | Found a blossoming altar of Fedhas.
  5163 | D:7      | Reached skill level 10 in Maces & Flails
  5570 | D:7      | Reached ** piety under the Shining One
  5809 | D:7      | Found a hazy altar of Hepliaklqana.
  6085 | D:8      | Reached XP level 10. HP: 80/80 MP: 10/10
  6099 | D:8      | Found a radiant altar of Vehumet.
  6228 | D:8      | Noticed a death yak
  6253 | D:8      | Reached skill level 11 in Maces & Flails
  6327 | D:8      | Noticed a death yak
  6327 | D:8      | Noticed a death yak
  6348 | D:8      | Killed a death yak
  6354 | D:8      | Mangled by a death yak

Illustrated notes

Levels and vault maps discovered:
D:1:      heliophobic_arrival_ceremonial_halls, layout_basic,
          shapermc_ecumenical_altar_flowoftime, st_stairs_5
D:2:      layout_basic
D:3:      layout_loops_ring, nicolae_overflow_crystal_walls,
          hellmonk_ghost_happy_afterlife, amcnicky_mini_pool_small,
          uniq_sigmund, uniq_robin
D:4:      layout_loops_ring, trog_wizard, makhleb_blood_cavern_becter,
          mainiacjoe_overflow_chevrons, minmay_misc_feat_tower
D:5:      gammafunk_cloud_chamber, layout_cave_pools, zin_treasury,
          nicolae_overflow_squiral, minmay_temple_entry_junction,
          minmay_stone_trees_small, kennysheep_potato
D:6:      layout_basic, marbit_many_paths, uniq_grinder
D:7:      layout_gridville, mainiacjoe_overflow_boulevard
D:8:      layout_cave_pools, amcnicky_altar_gilded, dpeg_lair_monsters,
          serial_glass, glass_columns_b, glass_columns_a
Temple:   eino_wide_crystal_templ

Skill      XL: |  1  2  3  4  5  6  7  8  9 10 |
---------------+-------------------------------+-----
Maces & Flails | 3 4 5 7 8 10 11 | 11.7
Fighting       | 4 5 6 8 |  8.9
Armour         | |  3.0
Shields        | |  3.0

Action                     |  1- 3 |  4- 6 |  7- 9 | 10-12 || total
---------------------------+-------+-------+-------+-------++-------
  Melee: Flail             |    97 |   196 |   104 |       ||   397
         Morningstar       |       |       |   118 |    35 ||   153
    Use: Potion            |     2 |       |       |     1 ||     3
         Scroll            |       |     4 |     6 |     1 ||    11
 Armour: Scale mail        |    60 |    33 |       |       ||    93
         Chain mail        |       |   174 |       |       ||   174
         Plate armour      |       |    12 |   162 |    28 ||   202
  Dodge: Dodged            |    41 |   119 |    70 |     9 ||   239
  Block: Buckler           |    13 |    58 |    55 |     7 ||   133

Table legend: (Time is in decaauts)
 A = Elapsed time spent in this place.
 B = Non-inter-level travel time spent in this place.
 C = Inter-level travel time spent in this place.
 D = Time resting spent in this place.
 E = Time spent auto-exploring this place.
 F = Levels seen in this place.
 G = Mean time per level.
                   A        B        C        D        E       F      G
               +--------+--------+--------+--------+--------+-----+--------+
         Total |   6441 |   6048 |    393 |      0 |   4887 |   9 |  715.7 |
       Dungeon |   6401 |   6045 |    356 |      0 |   4887 |   8 |  800.1 |
        Temple |     39 |      2 |     37 |      0 |      0 |   1 |   39.0 |
               +--------+--------+--------+--------+--------+-----+--------+

Top non-repeatable levels by time:
     D:3: 1123 daAuts
     D:7: 928 daAuts
     D:2: 928 daAuts
     D:1: 853 daAuts
     D:4: 789 daAuts
     D:5: 762 daAuts
     D:6: 722 daAuts
     D:8: 294 daAuts
  Temple: 39 daAuts
